%YAML 1.1
%TAG !u! tag:unity3d.com,2011:
--- !u!1 &1502396306
GameObject:
  m_ObjectHideFlags: 0
  m_CorrespondingSourceObject: {fileID: 0}
  m_PrefabInstance: {fileID: 0}
  m_PrefabAsset: {fileID: 0}
  serializedVersion: 6
  m_Component:
  - component: {fileID: 1502396308}
  - component: {fileID: 1502396307}
  m_Layer: 0
  m_Name: Bougie1 (1)
  m_TagString: Untagged
  m_Icon: {fileID: 0}
  m_NavMeshLayer: 0
  m_StaticEditorFlags: 0
  m_IsActive: 1
--- !u!4 &1502396308
Transform:
  m_ObjectHideFlags: 0
  m_CorrespondingSourceObject: {fileID: 0}
  m_PrefabInstance: {fileID: 0}
  m_PrefabAsset: {fileID: 0}
  m_GameObject: {fileID: 1502396306}
  m_LocalRotation: {x: -0, y: -0.2574907, z: -0, w: 0.9662808}
  m_LocalPosition: {x: -0.052, y: 2.2570925, z: 2.7240853}
  m_LocalScale: {x: 1, y: 1, z: 1}
  m_Children: []
  m_Father: {fileID: 4471424389302009955}
  m_RootOrder: 10
  m_LocalEulerAnglesHint: {x: 0, y: -29.842001, z: 0}
--- !u!108 &1502396307
Light:
  m_ObjectHideFlags: 0
  m_CorrespondingSourceObject: {fileID: 0}
  m_PrefabInstance: {fileID: 0}
  m_PrefabAsset: {fileID: 0}
  m_GameObject: {fileID: 1502396306}
  m_Enabled: 1
  serializedVersion: 10
  m_Type: 2
  m_Shape: 0
  m_Color: {r: 0.754717, g: 0.49776778, b: 0.29547882, a: 1}
  m_Intensity: 0.5
  m_Range: 5
  m_SpotAngle: 30
  m_InnerSpotAngle: 21.80208
  m_CookieSize: 10
  m_Shadows:
    m_Type: 2
    m_Resolution: -1
    m_CustomResolution: -1
    m_Strength: 1
    m_Bias: 0.05
    m_NormalBias: 0.4
    m_NearPlane: 0.2
    m_CullingMatrixOverride:
      e00: 1
      e01: 0
      e02: 0
      e03: 0
      e10: 0
      e11: 1
      e12: 0
      e13: 0
      e20: 0
      e21: 0
      e22: 1
      e23: 0
      e30: 0
      e31: 0
      e32: 0
      e33: 1
    m_UseCullingMatrixOverride: 0
  m_Cookie: {fileID: 0}
  m_DrawHalo: 0
  m_Flare: {fileID: 0}
  m_RenderMode: 0
  m_CullingMask:
    serializedVersion: 2
    m_Bits: 4294967295
  m_RenderingLayerMask: 1
  m_Lightmapping: 4
  m_LightShadowCasterMode: 0
  m_AreaSize: {x: 1, y: 1}
  m_BounceIntensity: 1
  m_ColorTemperature: 6570
  m_UseColorTemperature: 0
  m_BoundingSphereOverride: {x: 0, y: 9.635e-42, z: 0, w: NaN}
  m_UseBoundingSphereOverride: 0
  m_ShadowRadius: 0
  m_ShadowAngle: 0
--- !u!1 &1525128521
GameObject:
  m_ObjectHideFlags: 0
  m_CorrespondingSourceObject: {fileID: 0}
  m_PrefabInstance: {fileID: 0}
  m_PrefabAsset: {fileID: 0}
  serializedVersion: 6
  m_Component:
  - component: {fileID: 1525128523}
  - component: {fileID: 1525128522}
  m_Layer: 0
  m_Name: Bougie1 (3)
  m_TagString: Untagged
  m_Icon: {fileID: 0}
  m_NavMeshLayer: 0
  m_StaticEditorFlags: 0
  m_IsActive: 1
--- !u!4 &1525128523
Transform:
  m_ObjectHideFlags: 0
  m_CorrespondingSourceObject: {fileID: 0}
  m_PrefabInstance: {fileID: 0}
  m_PrefabAsset: {fileID: 0}
  m_GameObject: {fileID: 1525128521}
  m_LocalRotation: {x: -0, y: -0.2574907, z: -0, w: 0.9662808}
  m_LocalPosition: {x: 0.07649994, y: 2.9262998, z: 2.4856853}
  m_LocalScale: {x: 1, y: 1, z: 1}
  m_Children: []
  m_Father: {fileID: 4471424389302009955}
  m_RootOrder: 12
  m_LocalEulerAnglesHint: {x: 0, y: -29.842001, z: 0}
--- !u!108 &1525128522
Light:
  m_ObjectHideFlags: 0
  m_CorrespondingSourceObject: {fileID: 0}
  m_PrefabInstance: {fileID: 0}
  m_PrefabAsset: {fileID: 0}
  m_GameObject: {fileID: 1525128521}
  m_Enabled: 1
  serializedVersion: 10
  m_Type: 2
  m_Shape: 0
  m_Color: {r: 0.754717, g: 0.49776778, b: 0.29547882, a: 1}
  m_Intensity: 0.5
  m_Range: 5
  m_SpotAngle: 30
  m_InnerSpotAngle: 21.80208
  m_CookieSize: 10
  m_Shadows:
    m_Type: 2
    m_Resolution: -1
    m_CustomResolution: -1
    m_Strength: 1
    m_Bias: 0.05
    m_NormalBias: 0.4
    m_NearPlane: 0.2
    m_CullingMatrixOverride:
      e00: 1
      e01: 0
      e02: 0
      e03: 0
      e10: 0
      e11: 1
      e12: 0
      e13: 0
      e20: 0
      e21: 0
      e22: 1
      e23: 0
      e30: 0
      e31: 0
      e32: 0
      e33: 1
    m_UseCullingMatrixOverride: 0
  m_Cookie: {fileID: 0}
  m_DrawHalo: 0
  m_Flare: {fileID: 0}
  m_RenderMode: 0
  m_CullingMask:
    serializedVersion: 2
    m_Bits: 4294967295
  m_RenderingLayerMask: 1
  m_Lightmapping: 4
  m_LightShadowCasterMode: 0
  m_AreaSize: {x: 1, y: 1}
  m_BounceIntensity: 1
  m_ColorTemperature: 6570
  m_UseColorTemperature: 0
  m_BoundingSphereOverride: {x: 0, y: 2.1373e-41, z: 0, w: NaN}
  m_UseBoundingSphereOverride: 0
  m_ShadowRadius: 0
  m_ShadowAngle: 0
--- !u!1 &1948424911
GameObject:
  m_ObjectHideFlags: 0
  m_CorrespondingSourceObject: {fileID: 0}
  m_PrefabInstance: {fileID: 0}
  m_PrefabAsset: {fileID: 0}
  serializedVersion: 6
  m_Component:
  - component: {fileID: 1948424913}
  - component: {fileID: 1948424912}
  m_Layer: 0
  m_Name: Bougie1 (2)
  m_TagString: Untagged
  m_Icon: {fileID: 0}
  m_NavMeshLayer: 0
  m_StaticEditorFlags: 0
  m_IsActive: 1
--- !u!4 &1948424913
Transform:
  m_ObjectHideFlags: 0
  m_CorrespondingSourceObject: {fileID: 0}
  m_PrefabInstance: {fileID: 0}
  m_PrefabAsset: {fileID: 0}
  m_GameObject: {fileID: 1948424911}
  m_LocalRotation: {x: -0, y: -0.2574907, z: -0, w: 0.9662808}
  m_LocalPosition: {x: 0, y: 3.02, z: 2.4470854}
  m_LocalScale: {x: 1, y: 1, z: 1}
  m_Children: []
  m_Father: {fileID: 4471424389302009955}
  m_RootOrder: 11
  m_LocalEulerAnglesHint: {x: 0, y: -29.842001, z: 0}
--- !u!108 &1948424912
Light:
  m_ObjectHideFlags: 0
  m_CorrespondingSourceObject: {fileID: 0}
  m_PrefabInstance: {fileID: 0}
  m_PrefabAsset: {fileID: 0}
  m_GameObject: {fileID: 1948424911}
  m_Enabled: 1
  serializedVersion: 10
  m_Type: 2
  m_Shape: 0
  m_Color: {r: 0.754717, g: 0.49776778, b: 0.29547882, a: 1}
  m_Intensity: 0.5
  m_Range: 5
  m_SpotAngle: 30
  m_InnerSpotAngle: 21.80208
  m_CookieSize: 10
  m_Shadows:
    m_Type: 2
    m_Resolution: -1
    m_CustomResolution: -1
    m_Strength: 1
    m_Bias: 0.05
    m_NormalBias: 0.4
    m_NearPlane: 0.2
    m_CullingMatrixOverride:
      e00: 1
      e01: 0
      e02: 0
      e03: 0
      e10: 0
      e11: 1
      e12: 0
      e13: 0
      e20: 0
      e21: 0
      e22: 1
      e23: 0
      e30: 0
      e31: 0
      e32: 0
      e33: 1
    m_UseCullingMatrixOverride: 0
  m_Cookie: {fileID: 0}
  m_DrawHalo: 0
  m_Flare: {fileID: 0}
  m_RenderMode: 0
  m_CullingMask:
    serializedVersion: 2
    m_Bits: 4294967295
  m_RenderingLayerMask: 1
  m_Lightmapping: 4
  m_LightShadowCasterMode: 0
  m_AreaSize: {x: 1, y: 1}
  m_BounceIntensity: 1
  m_ColorTemperature: 6570
  m_UseColorTemperature: 0
  m_BoundingSphereOverride: {x: 0, y: 2.7443e-41, z: 0, w: NaN}
  m_UseBoundingSphereOverride: 0
  m_ShadowRadius: 0
  m_ShadowAngle: 0
--- !u!95 &1693264240
Animator:
  serializedVersion: 3
  m_ObjectHideFlags: 0
  m_CorrespondingSourceObject: {fileID: 0}
  m_PrefabInstance: {fileID: 0}
  m_PrefabAsset: {fileID: 0}
  m_GameObject: {fileID: 368743190733606508}
  m_Enabled: 1
  m_Avatar: {fileID: 0}
  m_Controller: {fileID: 9100000, guid: 5159011b0aaf1464eb59a375f93644f2, type: 2}
  m_CullingMode: 0
  m_UpdateMode: 0
  m_ApplyRootMotion: 1
  m_LinearVelocityBlending: 0
  m_WarningMessage: 
  m_HasTransformHierarchy: 1
  m_AllowConstantClipSamplingOptimization: 1
  m_KeepAnimatorControllerStateOnDisable: 0
--- !u!1 &1386670478670199031
GameObject:
  m_ObjectHideFlags: 0
  m_CorrespondingSourceObject: {fileID: 0}
  m_PrefabInstance: {fileID: 0}
  m_PrefabAsset: {fileID: 0}
  serializedVersion: 6
  m_Component:
  - component: {fileID: 4471424389302009955}
  m_Layer: 0
  m_Name: Detail_Cuisine
  m_TagString: Untagged
  m_Icon: {fileID: 0}
  m_NavMeshLayer: 0
  m_StaticEditorFlags: 4294967295
  m_IsActive: 1
--- !u!4 &4471424389302009955
Transform:
  m_ObjectHideFlags: 0
  m_CorrespondingSourceObject: {fileID: 0}
  m_PrefabInstance: {fileID: 0}
  m_PrefabAsset: {fileID: 0}
  m_GameObject: {fileID: 1386670478670199031}
  m_LocalRotation: {x: 0, y: 0, z: 0, w: 1}
  m_LocalPosition: {x: -4.0965004, y: -1.6960926, z: -3.3130853}
  m_LocalScale: {x: 1, y: 1, z: 1}
  m_Children:
  - {fileID: 7940949558033020733}
  - {fileID: 7940949556735742810}
  - {fileID: 7940949557127509542}
  - {fileID: 7940949557441184607}
  - {fileID: 7940949557553933459}
  - {fileID: 7940949558663533555}
  - {fileID: 7940949558052550684}
  - {fileID: 4478666041139394178}
  - {fileID: 8337380654326011224}
  - {fileID: 5145205689057406903}
  - {fileID: 1502396308}
  - {fileID: 1948424913}
  - {fileID: 1525128523}
  - {fileID: 5546175768556917706}
  - {fileID: 5546175769161398379}
  - {fileID: 5546175769584118632}
  - {fileID: 2039925879040365451}
  m_Father: {fileID: 0}
  m_RootOrder: 0
  m_LocalEulerAnglesHint: {x: 0, y: 0, z: 0}
--- !u!65 &1748725974716875589
BoxCollider:
  m_ObjectHideFlags: 0
  m_CorrespondingSourceObject: {fileID: 0}
  m_PrefabInstance: {fileID: 0}
  m_PrefabAsset: {fileID: 0}
  m_GameObject: {fileID: 1724482341488659392}
  m_Material: {fileID: 0}
  m_IsTrigger: 0
  m_Enabled: 1
  serializedVersion: 2
  m_Size: {x: 0.534696, y: 0.43820095, z: 0.53469545}
  m_Center: {x: 0.028801505, y: 0.21910048, z: -0.15890001}
--- !u!65 &9049134350732856832
BoxCollider:
  m_ObjectHideFlags: 0
  m_CorrespondingSourceObject: {fileID: 0}
  m_PrefabInstance: {fileID: 0}
  m_PrefabAsset: {fileID: 0}
  m_GameObject: {fileID: 7311659004167965152}
  m_Material: {fileID: 0}
  m_IsTrigger: 0
  m_Enabled: 1
  serializedVersion: 2
  m_Size: {x: 53.632736, y: 73.10869, z: 93.67222}
  m_Center: {x: 0.9355068, y: 31.554354, z: -18.954008}
--- !u!65 &6619567748231079673
BoxCollider:
  m_ObjectHideFlags: 0
  m_CorrespondingSourceObject: {fileID: 0}
  m_PrefabInstance: {fileID: 0}
  m_PrefabAsset: {fileID: 0}
  m_GameObject: {fileID: 7311659004466066985}
  m_Material: {fileID: 0}
  m_IsTrigger: 0
  m_Enabled: 1
  serializedVersion: 2
  m_Size: {x: 0.5905696, y: 0.8914969, z: 0.7307592}
  m_Center: {x: -0.016443744, y: 0.44574845, z: 0.032508917}
--- !u!65 &6067106012273301897
BoxCollider:
  m_ObjectHideFlags: 0
  m_CorrespondingSourceObject: {fileID: 0}
  m_PrefabInstance: {fileID: 0}
  m_PrefabAsset: {fileID: 0}
  m_GameObject: {fileID: 7311659004535740901}
  m_Material: {fileID: 0}
  m_IsTrigger: 0
  m_Enabled: 1
  serializedVersion: 2
  m_Size: {x: 0.8180725, y: 0.81807274, z: 0.8180728}
  m_Center: {x: 0, y: 0.40903637, z: 0}
--- !u!65 &6194991806071206135
BoxCollider:
  m_ObjectHideFlags: 0
  m_CorrespondingSourceObject: {fileID: 0}
  m_PrefabInstance: {fileID: 0}
  m_PrefabAsset: {fileID: 0}
  m_GameObject: {fileID: 7311659004897534630}
  m_Material: {fileID: 0}
  m_IsTrigger: 0
  m_Enabled: 1
  serializedVersion: 2
  m_Size: {x: 2.7017772, y: 1.4715241, z: 0.07167205}
  m_Center: {x: 0.18030499, y: 0.73576206, z: -0.06074353}
--- !u!95 &1126293167
Animator:
  serializedVersion: 3
  m_ObjectHideFlags: 0
  m_CorrespondingSourceObject: {fileID: 0}
  m_PrefabInstance: {fileID: 0}
  m_PrefabAsset: {fileID: 0}
  m_GameObject: {fileID: 7311659004926242183}
  m_Enabled: 1
  m_Avatar: {fileID: 0}
  m_Controller: {fileID: 9100000, guid: 13c146d7cfd840f4da94f220658a823c, type: 2}
  m_CullingMode: 0
  m_UpdateMode: 0
  m_ApplyRootMotion: 0
  m_LinearVelocityBlending: 0
  m_WarningMessage: 
  m_HasTransformHierarchy: 1
  m_AllowConstantClipSamplingOptimization: 1
  m_KeepAnimatorControllerStateOnDisable: 0
--- !u!1001 &1728111769111024181
PrefabInstance:
  m_ObjectHideFlags: 0
  serializedVersion: 2
  m_Modification:
    m_TransformParent: {fileID: 4471424389302009955}
    m_Modifications:
    - target: {fileID: 102175845415868877, guid: d14f3903a78bcd34d8e41fceb380806e,
        type: 3}
      propertyPath: m_Name
      value: Lampe_01
      objectReference: {fileID: 0}
    - target: {fileID: 843362496660832702, guid: d14f3903a78bcd34d8e41fceb380806e,
        type: 3}
      propertyPath: m_LocalPosition.x
      value: 0.657
      objectReference: {fileID: 0}
    - target: {fileID: 843362496660832702, guid: d14f3903a78bcd34d8e41fceb380806e,
        type: 3}
      propertyPath: m_LocalPosition.y
      value: 2.0029697
      objectReference: {fileID: 0}
    - target: {fileID: 843362496660832702, guid: d14f3903a78bcd34d8e41fceb380806e,
        type: 3}
      propertyPath: m_LocalPosition.z
      value: 1.892
      objectReference: {fileID: 0}
    - target: {fileID: 843362496660832702, guid: d14f3903a78bcd34d8e41fceb380806e,
        type: 3}
      propertyPath: m_LocalRotation.x
      value: -0
      objectReference: {fileID: 0}
    - target: {fileID: 843362496660832702, guid: d14f3903a78bcd34d8e41fceb380806e,
        type: 3}
      propertyPath: m_LocalRotation.y
      value: -0
      objectReference: {fileID: 0}
    - target: {fileID: 843362496660832702, guid: d14f3903a78bcd34d8e41fceb380806e,
        type: 3}
      propertyPath: m_LocalRotation.z
      value: -0
      objectReference: {fileID: 0}
    - target: {fileID: 843362496660832702, guid: d14f3903a78bcd34d8e41fceb380806e,
        type: 3}
      propertyPath: m_LocalRotation.w
      value: 1
      objectReference: {fileID: 0}
    - target: {fileID: 843362496660832702, guid: d14f3903a78bcd34d8e41fceb380806e,
        type: 3}
      propertyPath: m_RootOrder
      value: 16
      objectReference: {fileID: 0}
    - target: {fileID: 843362496660832702, guid: d14f3903a78bcd34d8e41fceb380806e,
        type: 3}
      propertyPath: m_LocalEulerAnglesHint.x
      value: 0
      objectReference: {fileID: 0}
    - target: {fileID: 843362496660832702, guid: d14f3903a78bcd34d8e41fceb380806e,
        type: 3}
      propertyPath: m_LocalEulerAnglesHint.y
      value: 0
      objectReference: {fileID: 0}
    - target: {fileID: 843362496660832702, guid: d14f3903a78bcd34d8e41fceb380806e,
        type: 3}
      propertyPath: m_LocalEulerAnglesHint.z
      value: 0
      objectReference: {fileID: 0}
    - target: {fileID: 1728111769557296745, guid: d14f3903a78bcd34d8e41fceb380806e,
        type: 3}
      propertyPath: m_BoundingSphereOverride.y
      value: 2.1373e-41
      objectReference: {fileID: 0}
    - target: {fileID: 1728111769557296745, guid: d14f3903a78bcd34d8e41fceb380806e,
        type: 3}
      propertyPath: m_BoundingSphereOverride.w
      value: NaN
      objectReference: {fileID: 0}
    m_RemovedComponents: []
  m_SourcePrefab: {fileID: 100100000, guid: d14f3903a78bcd34d8e41fceb380806e, type: 3}
--- !u!4 &2039925879040365451 stripped
Transform:
  m_CorrespondingSourceObject: {fileID: 843362496660832702, guid: d14f3903a78bcd34d8e41fceb380806e,
    type: 3}
  m_PrefabInstance: {fileID: 1728111769111024181}
  m_PrefabAsset: {fileID: 0}
--- !u!1001 &4156209428653838697
PrefabInstance:
  m_ObjectHideFlags: 0
  serializedVersion: 2
  m_Modification:
    m_TransformParent: {fileID: 4471424389302009955}
    m_Modifications:
    - target: {fileID: -8679921383154817045, guid: 5b4f752e2b648f04faaedf3396e85b85,
        type: 3}
      propertyPath: m_LocalPosition.x
      value: 0.009799987
      objectReference: {fileID: 0}
    - target: {fileID: -8679921383154817045, guid: 5b4f752e2b648f04faaedf3396e85b85,
        type: 3}
      propertyPath: m_LocalPosition.y
      value: 2.6748073
      objectReference: {fileID: 0}
    - target: {fileID: -8679921383154817045, guid: 5b4f752e2b648f04faaedf3396e85b85,
        type: 3}
      propertyPath: m_LocalPosition.z
      value: 2.4193997
      objectReference: {fileID: 0}
    - target: {fileID: -8679921383154817045, guid: 5b4f752e2b648f04faaedf3396e85b85,
        type: 3}
      propertyPath: m_LocalRotation.x
      value: 0
      objectReference: {fileID: 0}
    - target: {fileID: -8679921383154817045, guid: 5b4f752e2b648f04faaedf3396e85b85,
        type: 3}
      propertyPath: m_LocalRotation.y
      value: -0
      objectReference: {fileID: 0}
    - target: {fileID: -8679921383154817045, guid: 5b4f752e2b648f04faaedf3396e85b85,
        type: 3}
      propertyPath: m_LocalRotation.z
      value: -0
      objectReference: {fileID: 0}
    - target: {fileID: -8679921383154817045, guid: 5b4f752e2b648f04faaedf3396e85b85,
        type: 3}
      propertyPath: m_LocalRotation.w
      value: 1
      objectReference: {fileID: 0}
    - target: {fileID: -8679921383154817045, guid: 5b4f752e2b648f04faaedf3396e85b85,
        type: 3}
      propertyPath: m_RootOrder
      value: 7
      objectReference: {fileID: 0}
    - target: {fileID: -8679921383154817045, guid: 5b4f752e2b648f04faaedf3396e85b85,
        type: 3}
      propertyPath: m_LocalEulerAnglesHint.x
      value: 0
      objectReference: {fileID: 0}
    - target: {fileID: -8679921383154817045, guid: 5b4f752e2b648f04faaedf3396e85b85,
        type: 3}
      propertyPath: m_LocalEulerAnglesHint.y
      value: 0
      objectReference: {fileID: 0}
    - target: {fileID: -8679921383154817045, guid: 5b4f752e2b648f04faaedf3396e85b85,
        type: 3}
      propertyPath: m_LocalEulerAnglesHint.z
      value: 0
      objectReference: {fileID: 0}
    - target: {fileID: -8679921383154817045, guid: 5b4f752e2b648f04faaedf3396e85b85,
        type: 3}
      propertyPath: m_LocalScale.x
      value: 0.43564
      objectReference: {fileID: 0}
    - target: {fileID: -8679921383154817045, guid: 5b4f752e2b648f04faaedf3396e85b85,
        type: 3}
      propertyPath: m_LocalScale.y
      value: 0.43564
      objectReference: {fileID: 0}
    - target: {fileID: -8679921383154817045, guid: 5b4f752e2b648f04faaedf3396e85b85,
        type: 3}
      propertyPath: m_LocalScale.z
      value: 0.43564
      objectReference: {fileID: 0}
    - target: {fileID: -7511558181221131132, guid: 5b4f752e2b648f04faaedf3396e85b85,
        type: 3}
      propertyPath: m_Materials.Array.data[0]
      value: 
      objectReference: {fileID: 2100000, guid: bcbe60c550df8de40838f1e2e9cc79f6, type: 2}
    - target: {fileID: 919132149155446097, guid: 5b4f752e2b648f04faaedf3396e85b85,
        type: 3}
      propertyPath: m_Name
      value: Bougie_01
      objectReference: {fileID: 0}
    - target: {fileID: 919132149155446097, guid: 5b4f752e2b648f04faaedf3396e85b85,
        type: 3}
      propertyPath: m_StaticEditorFlags
      value: 4294967295
      objectReference: {fileID: 0}
    m_RemovedComponents: []
  m_SourcePrefab: {fileID: 100100000, guid: 5b4f752e2b648f04faaedf3396e85b85, type: 3}
--- !u!4 &4478666041139394178 stripped
Transform:
  m_CorrespondingSourceObject: {fileID: -8679921383154817045, guid: 5b4f752e2b648f04faaedf3396e85b85,
    type: 3}
  m_PrefabInstance: {fileID: 4156209428653838697}
  m_PrefabAsset: {fileID: 0}
--- !u!1001 &4678615684281305180
PrefabInstance:
  m_ObjectHideFlags: 0
  serializedVersion: 2
  m_Modification:
    m_TransformParent: {fileID: 4471424389302009955}
    m_Modifications:
    - target: {fileID: -8679921383154817045, guid: e73e1184cecb5cb469e68983d12dc636,
        type: 3}
      propertyPath: m_LocalPosition.x
      value: -0.047
      objectReference: {fileID: 0}
    - target: {fileID: -8679921383154817045, guid: e73e1184cecb5cb469e68983d12dc636,
        type: 3}
      propertyPath: m_LocalPosition.y
      value: 1.677
      objectReference: {fileID: 0}
    - target: {fileID: -8679921383154817045, guid: e73e1184cecb5cb469e68983d12dc636,
        type: 3}
      propertyPath: m_LocalPosition.z
      value: 2.727
      objectReference: {fileID: 0}
    - target: {fileID: -8679921383154817045, guid: e73e1184cecb5cb469e68983d12dc636,
        type: 3}
      propertyPath: m_LocalRotation.x
      value: -0
      objectReference: {fileID: 0}
    - target: {fileID: -8679921383154817045, guid: e73e1184cecb5cb469e68983d12dc636,
        type: 3}
      propertyPath: m_LocalRotation.y
      value: 0.9845201
      objectReference: {fileID: 0}
    - target: {fileID: -8679921383154817045, guid: e73e1184cecb5cb469e68983d12dc636,
        type: 3}
      propertyPath: m_LocalRotation.z
      value: -0
      objectReference: {fileID: 0}
    - target: {fileID: -8679921383154817045, guid: e73e1184cecb5cb469e68983d12dc636,
        type: 3}
      propertyPath: m_LocalRotation.w
      value: 0.17527203
      objectReference: {fileID: 0}
    - target: {fileID: -8679921383154817045, guid: e73e1184cecb5cb469e68983d12dc636,
        type: 3}
      propertyPath: m_RootOrder
      value: 9
      objectReference: {fileID: 0}
    - target: {fileID: -8679921383154817045, guid: e73e1184cecb5cb469e68983d12dc636,
        type: 3}
      propertyPath: m_LocalEulerAnglesHint.x
      value: 0
      objectReference: {fileID: 0}
    - target: {fileID: -8679921383154817045, guid: e73e1184cecb5cb469e68983d12dc636,
        type: 3}
      propertyPath: m_LocalEulerAnglesHint.y
      value: 159.811
      objectReference: {fileID: 0}
    - target: {fileID: -8679921383154817045, guid: e73e1184cecb5cb469e68983d12dc636,
        type: 3}
      propertyPath: m_LocalEulerAnglesHint.z
      value: 0
      objectReference: {fileID: 0}
    - target: {fileID: -7511558181221131132, guid: e73e1184cecb5cb469e68983d12dc636,
        type: 3}
      propertyPath: m_Materials.Array.data[0]
      value: 
      objectReference: {fileID: 2100000, guid: 2c0c9910696bc4c47acab1d733a23a0c, type: 2}
    - target: {fileID: 919132149155446097, guid: e73e1184cecb5cb469e68983d12dc636,
        type: 3}
      propertyPath: m_Name
      value: Bougie_02
      objectReference: {fileID: 0}
    - target: {fileID: 919132149155446097, guid: e73e1184cecb5cb469e68983d12dc636,
        type: 3}
      propertyPath: m_StaticEditorFlags
      value: 4294967295
      objectReference: {fileID: 0}
    m_RemovedComponents: []
  m_SourcePrefab: {fileID: 100100000, guid: e73e1184cecb5cb469e68983d12dc636, type: 3}
--- !u!4 &5145205689057406903 stripped
Transform:
  m_CorrespondingSourceObject: {fileID: -8679921383154817045, guid: e73e1184cecb5cb469e68983d12dc636,
    type: 3}
  m_PrefabInstance: {fileID: 4678615684281305180}
  m_PrefabAsset: {fileID: 0}
--- !u!1001 &7618211442026755096
PrefabInstance:
  m_ObjectHideFlags: 0
  serializedVersion: 2
  m_Modification:
    m_TransformParent: {fileID: 4471424389302009955}
    m_Modifications:
    - target: {fileID: -8679921383154817045, guid: e68612bc1021a764a9f0057ce34cc2cd,
        type: 3}
      propertyPath: m_LocalPosition.x
      value: 1.8080139
      objectReference: {fileID: 0}
    - target: {fileID: -8679921383154817045, guid: e68612bc1021a764a9f0057ce34cc2cd,
        type: 3}
      propertyPath: m_LocalPosition.y
      value: 1.6960926
      objectReference: {fileID: 0}
    - target: {fileID: -8679921383154817045, guid: e68612bc1021a764a9f0057ce34cc2cd,
        type: 3}
      propertyPath: m_LocalPosition.z
      value: 0.48494625
      objectReference: {fileID: 0}
    - target: {fileID: -8679921383154817045, guid: e68612bc1021a764a9f0057ce34cc2cd,
        type: 3}
      propertyPath: m_LocalRotation.x
      value: -0
      objectReference: {fileID: 0}
    - target: {fileID: -8679921383154817045, guid: e68612bc1021a764a9f0057ce34cc2cd,
        type: 3}
      propertyPath: m_LocalRotation.y
      value: 0.71221364
      objectReference: {fileID: 0}
    - target: {fileID: -8679921383154817045, guid: e68612bc1021a764a9f0057ce34cc2cd,
        type: 3}
      propertyPath: m_LocalRotation.z
      value: -0
      objectReference: {fileID: 0}
    - target: {fileID: -8679921383154817045, guid: e68612bc1021a764a9f0057ce34cc2cd,
        type: 3}
      propertyPath: m_LocalRotation.w
      value: 0.7019628
      objectReference: {fileID: 0}
    - target: {fileID: -8679921383154817045, guid: e68612bc1021a764a9f0057ce34cc2cd,
        type: 3}
      propertyPath: m_RootOrder
      value: 5
      objectReference: {fileID: 0}
    - target: {fileID: -8679921383154817045, guid: e68612bc1021a764a9f0057ce34cc2cd,
        type: 3}
      propertyPath: m_LocalEulerAnglesHint.x
      value: 0
      objectReference: {fileID: 0}
    - target: {fileID: -8679921383154817045, guid: e68612bc1021a764a9f0057ce34cc2cd,
        type: 3}
      propertyPath: m_LocalEulerAnglesHint.y
      value: 90.831
      objectReference: {fileID: 0}
    - target: {fileID: -8679921383154817045, guid: e68612bc1021a764a9f0057ce34cc2cd,
        type: 3}
      propertyPath: m_LocalEulerAnglesHint.z
      value: 0
      objectReference: {fileID: 0}
    - target: {fileID: -7511558181221131132, guid: e68612bc1021a764a9f0057ce34cc2cd,
        type: 3}
      propertyPath: m_Materials.Array.data[0]
      value: 
      objectReference: {fileID: 2100000, guid: 10f884eca07fa8f46b48313bb528878d, type: 2}
    - target: {fileID: 823334100980793467, guid: e68612bc1021a764a9f0057ce34cc2cd,
        type: 3}
      propertyPath: m_Materials.Array.data[0]
      value: 
      objectReference: {fileID: 2100000, guid: 10f884eca07fa8f46b48313bb528878d, type: 2}
    - target: {fileID: 919132149155446097, guid: e68612bc1021a764a9f0057ce34cc2cd,
        type: 3}
      propertyPath: m_Name
      value: Plante_01
      objectReference: {fileID: 0}
    - target: {fileID: 919132149155446097, guid: e68612bc1021a764a9f0057ce34cc2cd,
        type: 3}
      propertyPath: m_StaticEditorFlags
      value: 4294967295
      objectReference: {fileID: 0}
    - target: {fileID: 4393955238084088859, guid: e68612bc1021a764a9f0057ce34cc2cd,
        type: 3}
      propertyPath: m_Materials.Array.data[0]
      value: 
      objectReference: {fileID: 2100000, guid: 0e8038b172604d749a73d4485978174e, type: 2}
    - target: {fileID: 9103962308120395736, guid: e68612bc1021a764a9f0057ce34cc2cd,
        type: 3}
      propertyPath: m_StaticEditorFlags
      value: 4294967295
      objectReference: {fileID: 0}
    m_RemovedComponents: []
  m_SourcePrefab: {fileID: 100100000, guid: e68612bc1021a764a9f0057ce34cc2cd, type: 3}
--- !u!1 &1724482341488659392 stripped
GameObject:
  m_CorrespondingSourceObject: {fileID: 9103962308120395736, guid: e68612bc1021a764a9f0057ce34cc2cd,
    type: 3}
  m_PrefabInstance: {fileID: 7618211442026755096}
  m_PrefabAsset: {fileID: 0}
--- !u!4 &7940949558663533555 stripped
Transform:
  m_CorrespondingSourceObject: {fileID: -8679921383154817045, guid: e68612bc1021a764a9f0057ce34cc2cd,
    type: 3}
  m_PrefabInstance: {fileID: 7618211442026755096}
  m_PrefabAsset: {fileID: 0}
--- !u!1001 &7618211442629091319
PrefabInstance:
  m_ObjectHideFlags: 0
  serializedVersion: 2
  m_Modification:
    m_TransformParent: {fileID: 4471424389302009955}
    m_Modifications:
    - target: {fileID: -8693028834142113197, guid: 1556695c6c5ba924a8bc1bdc2101516f,
        type: 3}
      propertyPath: m_StaticEditorFlags
      value: 4294967295
      objectReference: {fileID: 0}
    - target: {fileID: -8679921383154817045, guid: 1556695c6c5ba924a8bc1bdc2101516f,
        type: 3}
      propertyPath: m_LocalPosition.x
      value: -0.01
      objectReference: {fileID: 0}
    - target: {fileID: -8679921383154817045, guid: 1556695c6c5ba924a8bc1bdc2101516f,
        type: 3}
      propertyPath: m_LocalPosition.y
      value: 2.9560926
      objectReference: {fileID: 0}
    - target: {fileID: -8679921383154817045, guid: 1556695c6c5ba924a8bc1bdc2101516f,
        type: 3}
      propertyPath: m_LocalPosition.z
      value: 4.54
      objectReference: {fileID: 0}
    - target: {fileID: -8679921383154817045, guid: 1556695c6c5ba924a8bc1bdc2101516f,
        type: 3}
      propertyPath: m_LocalRotation.x
      value: -0
      objectReference: {fileID: 0}
    - target: {fileID: -8679921383154817045, guid: 1556695c6c5ba924a8bc1bdc2101516f,
        type: 3}
      propertyPath: m_LocalRotation.y
      value: 0.7599415
      objectReference: {fileID: 0}
    - target: {fileID: -8679921383154817045, guid: 1556695c6c5ba924a8bc1bdc2101516f,
        type: 3}
      propertyPath: m_LocalRotation.z
      value: -0
      objectReference: {fileID: 0}
    - target: {fileID: -8679921383154817045, guid: 1556695c6c5ba924a8bc1bdc2101516f,
        type: 3}
      propertyPath: m_LocalRotation.w
      value: 0.6499914
      objectReference: {fileID: 0}
    - target: {fileID: -8679921383154817045, guid: 1556695c6c5ba924a8bc1bdc2101516f,
        type: 3}
      propertyPath: m_RootOrder
      value: 6
      objectReference: {fileID: 0}
    - target: {fileID: -8679921383154817045, guid: 1556695c6c5ba924a8bc1bdc2101516f,
        type: 3}
      propertyPath: m_LocalEulerAnglesHint.x
      value: 0
      objectReference: {fileID: 0}
    - target: {fileID: -8679921383154817045, guid: 1556695c6c5ba924a8bc1bdc2101516f,
        type: 3}
      propertyPath: m_LocalEulerAnglesHint.y
      value: 98.91801
      objectReference: {fileID: 0}
    - target: {fileID: -8679921383154817045, guid: 1556695c6c5ba924a8bc1bdc2101516f,
        type: 3}
      propertyPath: m_LocalEulerAnglesHint.z
      value: 0
      objectReference: {fileID: 0}
    - target: {fileID: -7511558181221131132, guid: 1556695c6c5ba924a8bc1bdc2101516f,
        type: 3}
      propertyPath: m_Materials.Array.data[0]
      value: 
      objectReference: {fileID: 2100000, guid: 3a271caf3081d8b409d8e7d23f99dcfe, type: 2}
    - target: {fileID: -7070618171982497520, guid: 1556695c6c5ba924a8bc1bdc2101516f,
        type: 3}
      propertyPath: m_StaticEditorFlags
      value: 4294967295
      objectReference: {fileID: 0}
    - target: {fileID: -5373604085120585199, guid: 1556695c6c5ba924a8bc1bdc2101516f,
        type: 3}
      propertyPath: m_StaticEditorFlags
      value: 4294967295
      objectReference: {fileID: 0}
    - target: {fileID: -5141943056838177145, guid: 1556695c6c5ba924a8bc1bdc2101516f,
        type: 3}
      propertyPath: m_StaticEditorFlags
      value: 4294967295
      objectReference: {fileID: 0}
    - target: {fileID: -4299120352322023791, guid: 1556695c6c5ba924a8bc1bdc2101516f,
        type: 3}
      propertyPath: m_StaticEditorFlags
      value: 4294967295
      objectReference: {fileID: 0}
    - target: {fileID: -4170360119505868384, guid: 1556695c6c5ba924a8bc1bdc2101516f,
        type: 3}
      propertyPath: m_StaticEditorFlags
      value: 4294967295
      objectReference: {fileID: 0}
    - target: {fileID: -3206934809651545750, guid: 1556695c6c5ba924a8bc1bdc2101516f,
        type: 3}
      propertyPath: m_StaticEditorFlags
      value: 4294967295
      objectReference: {fileID: 0}
    - target: {fileID: -2918191083446614180, guid: 1556695c6c5ba924a8bc1bdc2101516f,
        type: 3}
      propertyPath: m_StaticEditorFlags
      value: 4294967295
      objectReference: {fileID: 0}
    - target: {fileID: -2814529991508531172, guid: 1556695c6c5ba924a8bc1bdc2101516f,
        type: 3}
      propertyPath: m_StaticEditorFlags
      value: 4294967295
      objectReference: {fileID: 0}
    - target: {fileID: -2606572771108885759, guid: 1556695c6c5ba924a8bc1bdc2101516f,
        type: 3}
      propertyPath: m_StaticEditorFlags
      value: 4294967295
      objectReference: {fileID: 0}
    - target: {fileID: 4492443208944285, guid: 1556695c6c5ba924a8bc1bdc2101516f, type: 3}
      propertyPath: m_StaticEditorFlags
      value: 4294967295
      objectReference: {fileID: 0}
    - target: {fileID: 34257769657164209, guid: 1556695c6c5ba924a8bc1bdc2101516f,
        type: 3}
      propertyPath: m_LocalPosition.x
      value: 0.28
      objectReference: {fileID: 0}
    - target: {fileID: 34257769657164209, guid: 1556695c6c5ba924a8bc1bdc2101516f,
        type: 3}
      propertyPath: m_LocalPosition.z
      value: -0.12
      objectReference: {fileID: 0}
    - target: {fileID: 722863653814150403, guid: 1556695c6c5ba924a8bc1bdc2101516f,
        type: 3}
      propertyPath: m_Materials.Array.data[0]
      value: 
      objectReference: {fileID: 2100000, guid: 3a271caf3081d8b409d8e7d23f99dcfe, type: 2}
    - target: {fileID: 919132149155446097, guid: 1556695c6c5ba924a8bc1bdc2101516f,
        type: 3}
      propertyPath: m_Name
      value: Recettes
      objectReference: {fileID: 0}
    - target: {fileID: 919132149155446097, guid: 1556695c6c5ba924a8bc1bdc2101516f,
        type: 3}
      propertyPath: m_StaticEditorFlags
      value: 4294967295
      objectReference: {fileID: 0}
    - target: {fileID: 2784458800776358988, guid: 1556695c6c5ba924a8bc1bdc2101516f,
        type: 3}
      propertyPath: m_StaticEditorFlags
      value: 4294967295
      objectReference: {fileID: 0}
    - target: {fileID: 3157412097682935654, guid: 1556695c6c5ba924a8bc1bdc2101516f,
        type: 3}
      propertyPath: m_StaticEditorFlags
      value: 4294967295
      objectReference: {fileID: 0}
    - target: {fileID: 4212437294264306611, guid: 1556695c6c5ba924a8bc1bdc2101516f,
        type: 3}
      propertyPath: m_StaticEditorFlags
      value: 4294967295
      objectReference: {fileID: 0}
    - target: {fileID: 4716501987448568952, guid: 1556695c6c5ba924a8bc1bdc2101516f,
        type: 3}
      propertyPath: m_StaticEditorFlags
      value: 4294967295
      objectReference: {fileID: 0}
    - target: {fileID: 5200999035635225199, guid: 1556695c6c5ba924a8bc1bdc2101516f,
        type: 3}
      propertyPath: m_StaticEditorFlags
      value: 4294967295
      objectReference: {fileID: 0}
    - target: {fileID: 6005498874465393142, guid: 1556695c6c5ba924a8bc1bdc2101516f,
        type: 3}
      propertyPath: m_StaticEditorFlags
      value: 4294967295
      objectReference: {fileID: 0}
    - target: {fileID: 6068965413939263502, guid: 1556695c6c5ba924a8bc1bdc2101516f,
        type: 3}
      propertyPath: m_StaticEditorFlags
      value: 4294967295
      objectReference: {fileID: 0}
    - target: {fileID: 7046755442172140337, guid: 1556695c6c5ba924a8bc1bdc2101516f,
        type: 3}
      propertyPath: m_StaticEditorFlags
      value: 4294967295
      objectReference: {fileID: 0}
    - target: {fileID: 7593376557714728365, guid: 1556695c6c5ba924a8bc1bdc2101516f,
        type: 3}
      propertyPath: m_StaticEditorFlags
      value: 4294967295
      objectReference: {fileID: 0}
    - target: {fileID: 8559521461910159315, guid: 1556695c6c5ba924a8bc1bdc2101516f,
        type: 3}
      propertyPath: m_StaticEditorFlags
      value: 4294967295
      objectReference: {fileID: 0}
    m_RemovedComponents: []
  m_SourcePrefab: {fileID: 100100000, guid: 1556695c6c5ba924a8bc1bdc2101516f, type: 3}
--- !u!4 &7940949558052550684 stripped
Transform:
  m_CorrespondingSourceObject: {fileID: -8679921383154817045, guid: 1556695c6c5ba924a8bc1bdc2101516f,
    type: 3}
  m_PrefabInstance: {fileID: 7618211442629091319}
  m_PrefabAsset: {fileID: 0}
--- !u!1 &7311659004897534630 stripped
GameObject:
  m_CorrespondingSourceObject: {fileID: 919132149155446097, guid: 1556695c6c5ba924a8bc1bdc2101516f,
    type: 3}
  m_PrefabInstance: {fileID: 7618211442629091319}
  m_PrefabAsset: {fileID: 0}
--- !u!1001 &7618211442657267926
PrefabInstance:
  m_ObjectHideFlags: 0
  serializedVersion: 2
  m_Modification:
    m_TransformParent: {fileID: 4471424389302009955}
    m_Modifications:
    - target: {fileID: -8679921383154817045, guid: 59deee34e51035a4c9e1f32d66f70063,
        type: 3}
      propertyPath: m_LocalPosition.x
      value: 0.165
      objectReference: {fileID: 0}
    - target: {fileID: -8679921383154817045, guid: 59deee34e51035a4c9e1f32d66f70063,
        type: 3}
      propertyPath: m_LocalPosition.y
      value: 2.951
      objectReference: {fileID: 0}
    - target: {fileID: -8679921383154817045, guid: 59deee34e51035a4c9e1f32d66f70063,
        type: 3}
      propertyPath: m_LocalPosition.z
      value: 2.22
      objectReference: {fileID: 0}
    - target: {fileID: -8679921383154817045, guid: 59deee34e51035a4c9e1f32d66f70063,
        type: 3}
      propertyPath: m_LocalRotation.x
      value: -0
      objectReference: {fileID: 0}
    - target: {fileID: -8679921383154817045, guid: 59deee34e51035a4c9e1f32d66f70063,
        type: 3}
      propertyPath: m_LocalRotation.y
      value: -0
      objectReference: {fileID: 0}
    - target: {fileID: -8679921383154817045, guid: 59deee34e51035a4c9e1f32d66f70063,
        type: 3}
      propertyPath: m_LocalRotation.z
      value: -0
      objectReference: {fileID: 0}
    - target: {fileID: -8679921383154817045, guid: 59deee34e51035a4c9e1f32d66f70063,
        type: 3}
      propertyPath: m_LocalRotation.w
      value: 1
      objectReference: {fileID: 0}
    - target: {fileID: -8679921383154817045, guid: 59deee34e51035a4c9e1f32d66f70063,
        type: 3}
      propertyPath: m_RootOrder
      value: 0
      objectReference: {fileID: 0}
    - target: {fileID: -8679921383154817045, guid: 59deee34e51035a4c9e1f32d66f70063,
        type: 3}
      propertyPath: m_LocalEulerAnglesHint.x
      value: 0
      objectReference: {fileID: 0}
    - target: {fileID: -8679921383154817045, guid: 59deee34e51035a4c9e1f32d66f70063,
        type: 3}
      propertyPath: m_LocalEulerAnglesHint.y
      value: 0
      objectReference: {fileID: 0}
    - target: {fileID: -8679921383154817045, guid: 59deee34e51035a4c9e1f32d66f70063,
        type: 3}
      propertyPath: m_LocalEulerAnglesHint.z
      value: 0
      objectReference: {fileID: 0}
    - target: {fileID: -7511558181221131132, guid: 59deee34e51035a4c9e1f32d66f70063,
        type: 3}
      propertyPath: m_Materials.Array.data[0]
      value: 
      objectReference: {fileID: 2100000, guid: 789f8ce48c24eed4a9fb6e1af8e22fc6, type: 2}
    - target: {fileID: -4780072770720950627, guid: 59deee34e51035a4c9e1f32d66f70063,
        type: 3}
      propertyPath: m_Materials.Array.data[0]
      value: 
      objectReference: {fileID: 2100000, guid: 789f8ce48c24eed4a9fb6e1af8e22fc6, type: 2}
    - target: {fileID: -3240084944888637655, guid: 59deee34e51035a4c9e1f32d66f70063,
        type: 3}
      propertyPath: m_LocalPosition.y
      value: -0.229
      objectReference: {fileID: 0}
    - target: {fileID: 919132149155446097, guid: 59deee34e51035a4c9e1f32d66f70063,
        type: 3}
      propertyPath: m_Name
      value: Sablier
      objectReference: {fileID: 0}
    - target: {fileID: 4253280567622488715, guid: 59deee34e51035a4c9e1f32d66f70063,
        type: 3}
      propertyPath: m_Materials.Array.data[0]
      value: 
      objectReference: {fileID: 2100000, guid: cabcae934a9741041898e04404cf472e, type: 2}
    m_RemovedComponents: []
  m_SourcePrefab: {fileID: 100100000, guid: 59deee34e51035a4c9e1f32d66f70063, type: 3}
--- !u!1 &7311659004926242183 stripped
GameObject:
  m_CorrespondingSourceObject: {fileID: 919132149155446097, guid: 59deee34e51035a4c9e1f32d66f70063,
    type: 3}
  m_PrefabInstance: {fileID: 7618211442657267926}
  m_PrefabAsset: {fileID: 0}
--- !u!4 &7940949558033020733 stripped
Transform:
  m_CorrespondingSourceObject: {fileID: -8679921383154817045, guid: 59deee34e51035a4c9e1f32d66f70063,
    type: 3}
  m_PrefabInstance: {fileID: 7618211442657267926}
  m_PrefabAsset: {fileID: 0}
--- !u!1001 &7618211443091443476
PrefabInstance:
  m_ObjectHideFlags: 0
  serializedVersion: 2
  m_Modification:
    m_TransformParent: {fileID: 4471424389302009955}
    m_Modifications:
    - target: {fileID: 2688274645101475704, guid: 09d9bd7b6d67037428923fa5b5ca8c30,
        type: 3}
      propertyPath: m_Name
      value: FIRE (1)
      objectReference: {fileID: 0}
    - target: {fileID: 2688274645101475710, guid: 09d9bd7b6d67037428923fa5b5ca8c30,
        type: 3}
      propertyPath: LightsModule.light
      value: 
      objectReference: {fileID: 1948424912}
    - target: {fileID: 2688274645101475711, guid: 09d9bd7b6d67037428923fa5b5ca8c30,
        type: 3}
      propertyPath: m_LocalPosition.x
      value: -0.0010004044
      objectReference: {fileID: 0}
    - target: {fileID: 2688274645101475711, guid: 09d9bd7b6d67037428923fa5b5ca8c30,
        type: 3}
      propertyPath: m_LocalPosition.y
      value: 2.9083
      objectReference: {fileID: 0}
    - target: {fileID: 2688274645101475711, guid: 09d9bd7b6d67037428923fa5b5ca8c30,
        type: 3}
      propertyPath: m_LocalPosition.z
      value: 2.4328852
      objectReference: {fileID: 0}
    - target: {fileID: 2688274645101475711, guid: 09d9bd7b6d67037428923fa5b5ca8c30,
        type: 3}
      propertyPath: m_LocalRotation.x
      value: -0.7071068
      objectReference: {fileID: 0}
    - target: {fileID: 2688274645101475711, guid: 09d9bd7b6d67037428923fa5b5ca8c30,
        type: 3}
      propertyPath: m_LocalRotation.y
      value: -0
      objectReference: {fileID: 0}
    - target: {fileID: 2688274645101475711, guid: 09d9bd7b6d67037428923fa5b5ca8c30,
        type: 3}
      propertyPath: m_LocalRotation.z
      value: -0
      objectReference: {fileID: 0}
    - target: {fileID: 2688274645101475711, guid: 09d9bd7b6d67037428923fa5b5ca8c30,
        type: 3}
      propertyPath: m_LocalRotation.w
      value: 0.7071068
      objectReference: {fileID: 0}
    - target: {fileID: 2688274645101475711, guid: 09d9bd7b6d67037428923fa5b5ca8c30,
        type: 3}
      propertyPath: m_RootOrder
      value: 14
      objectReference: {fileID: 0}
    - target: {fileID: 2688274645101475711, guid: 09d9bd7b6d67037428923fa5b5ca8c30,
        type: 3}
      propertyPath: m_LocalEulerAnglesHint.x
      value: -90
      objectReference: {fileID: 0}
    - target: {fileID: 2688274645101475711, guid: 09d9bd7b6d67037428923fa5b5ca8c30,
        type: 3}
      propertyPath: m_LocalEulerAnglesHint.y
      value: 0
      objectReference: {fileID: 0}
    - target: {fileID: 2688274645101475711, guid: 09d9bd7b6d67037428923fa5b5ca8c30,
        type: 3}
      propertyPath: m_LocalEulerAnglesHint.z
      value: 0
      objectReference: {fileID: 0}
    - target: {fileID: 2688274645101475711, guid: 09d9bd7b6d67037428923fa5b5ca8c30,
        type: 3}
      propertyPath: m_LocalScale.y
      value: 0.10454304
      objectReference: {fileID: 0}
    - target: {fileID: 2688274645101475711, guid: 09d9bd7b6d67037428923fa5b5ca8c30,
        type: 3}
      propertyPath: m_LocalScale.z
      value: 0.014749736
      objectReference: {fileID: 0}
    - target: {fileID: 2688274645101475711, guid: 09d9bd7b6d67037428923fa5b5ca8c30,
        type: 3}
      propertyPath: m_LocalScale.x
      value: 0.022154618
      objectReference: {fileID: 0}
    m_RemovedComponents: []
  m_SourcePrefab: {fileID: 100100000, guid: 09d9bd7b6d67037428923fa5b5ca8c30, type: 3}
--- !u!4 &5546175769161398379 stripped
Transform:
  m_CorrespondingSourceObject: {fileID: 2688274645101475711, guid: 09d9bd7b6d67037428923fa5b5ca8c30,
    type: 3}
  m_PrefabInstance: {fileID: 7618211443091443476}
  m_PrefabAsset: {fileID: 0}
--- !u!1001 &7618211443136088952
PrefabInstance:
  m_ObjectHideFlags: 0
  serializedVersion: 2
  m_Modification:
    m_TransformParent: {fileID: 4471424389302009955}
    m_Modifications:
    - target: {fileID: -8679921383154817045, guid: da7c910c044295141b52fc0dee60b758,
        type: 3}
      propertyPath: m_LocalPosition.x
      value: 0.1505003
      objectReference: {fileID: 0}
    - target: {fileID: -8679921383154817045, guid: da7c910c044295141b52fc0dee60b758,
        type: 3}
      propertyPath: m_LocalPosition.y
      value: 1.708
      objectReference: {fileID: 0}
    - target: {fileID: -8679921383154817045, guid: da7c910c044295141b52fc0dee60b758,
        type: 3}
      propertyPath: m_LocalPosition.z
      value: 2.2780852
      objectReference: {fileID: 0}
    - target: {fileID: -8679921383154817045, guid: da7c910c044295141b52fc0dee60b758,
        type: 3}
      propertyPath: m_LocalRotation.x
      value: -0
      objectReference: {fileID: 0}
    - target: {fileID: -8679921383154817045, guid: da7c910c044295141b52fc0dee60b758,
        type: 3}
      propertyPath: m_LocalRotation.y
      value: -0
      objectReference: {fileID: 0}
    - target: {fileID: -8679921383154817045, guid: da7c910c044295141b52fc0dee60b758,
        type: 3}
      propertyPath: m_LocalRotation.z
      value: -0
      objectReference: {fileID: 0}
    - target: {fileID: -8679921383154817045, guid: da7c910c044295141b52fc0dee60b758,
        type: 3}
      propertyPath: m_LocalRotation.w
      value: 1
      objectReference: {fileID: 0}
    - target: {fileID: -8679921383154817045, guid: da7c910c044295141b52fc0dee60b758,
        type: 3}
      propertyPath: m_RootOrder
      value: 4
      objectReference: {fileID: 0}
    - target: {fileID: -8679921383154817045, guid: da7c910c044295141b52fc0dee60b758,
        type: 3}
      propertyPath: m_LocalEulerAnglesHint.x
      value: 0
      objectReference: {fileID: 0}
    - target: {fileID: -8679921383154817045, guid: da7c910c044295141b52fc0dee60b758,
        type: 3}
      propertyPath: m_LocalEulerAnglesHint.y
      value: 0
      objectReference: {fileID: 0}
    - target: {fileID: -8679921383154817045, guid: da7c910c044295141b52fc0dee60b758,
        type: 3}
      propertyPath: m_LocalEulerAnglesHint.z
      value: 0
      objectReference: {fileID: 0}
    - target: {fileID: -8679921383154817045, guid: da7c910c044295141b52fc0dee60b758,
        type: 3}
      propertyPath: m_LocalScale.x
      value: 1.1439999
      objectReference: {fileID: 0}
    - target: {fileID: -8679921383154817045, guid: da7c910c044295141b52fc0dee60b758,
        type: 3}
      propertyPath: m_LocalScale.y
      value: 1.1439999
      objectReference: {fileID: 0}
    - target: {fileID: -8679921383154817045, guid: da7c910c044295141b52fc0dee60b758,
        type: 3}
      propertyPath: m_LocalScale.z
      value: 1.1439999
      objectReference: {fileID: 0}
    - target: {fileID: -7511558181221131132, guid: da7c910c044295141b52fc0dee60b758,
        type: 3}
      propertyPath: m_Materials.Array.data[0]
      value: 
      objectReference: {fileID: 2100000, guid: 809784cdcec3fef469cba8006b52685a, type: 2}
    - target: {fileID: 919132149155446097, guid: da7c910c044295141b52fc0dee60b758,
        type: 3}
      propertyPath: m_Name
      value: Tonneau (1)
      objectReference: {fileID: 0}
    - target: {fileID: 919132149155446097, guid: da7c910c044295141b52fc0dee60b758,
        type: 3}
      propertyPath: m_StaticEditorFlags
      value: 4294967295
      objectReference: {fileID: 0}
    m_RemovedComponents: []
  m_SourcePrefab: {fileID: 100100000, guid: da7c910c044295141b52fc0dee60b758, type: 3}
--- !u!4 &7940949557553933459 stripped
Transform:
  m_CorrespondingSourceObject: {fileID: -8679921383154817045, guid: da7c910c044295141b52fc0dee60b758,
    type: 3}
  m_PrefabInstance: {fileID: 7618211443136088952}
  m_PrefabAsset: {fileID: 0}
--- !u!1 &7311659004466066985 stripped
GameObject:
  m_CorrespondingSourceObject: {fileID: 919132149155446097, guid: da7c910c044295141b52fc0dee60b758,
    type: 3}
  m_PrefabInstance: {fileID: 7618211443136088952}
  m_PrefabAsset: {fileID: 0}
--- !u!1001 &7618211443204611095
PrefabInstance:
  m_ObjectHideFlags: 0
  serializedVersion: 2
  m_Modification:
    m_TransformParent: {fileID: 4471424389302009955}
    m_Modifications:
    - target: {fileID: 2688274645101475704, guid: 09d9bd7b6d67037428923fa5b5ca8c30,
        type: 3}
      propertyPath: m_Name
      value: FIRE (2)
      objectReference: {fileID: 0}
    - target: {fileID: 2688274645101475710, guid: 09d9bd7b6d67037428923fa5b5ca8c30,
        type: 3}
      propertyPath: LightsModule.light
      value: 
      objectReference: {fileID: 1502396307}
    - target: {fileID: 2688274645101475711, guid: 09d9bd7b6d67037428923fa5b5ca8c30,
        type: 3}
      propertyPath: m_LocalPosition.x
      value: -0.06920004
      objectReference: {fileID: 0}
    - target: {fileID: 2688274645101475711, guid: 09d9bd7b6d67037428923fa5b5ca8c30,
        type: 3}
      propertyPath: m_LocalPosition.y
      value: 2.2530925
      objectReference: {fileID: 0}
    - target: {fileID: 2688274645101475711, guid: 09d9bd7b6d67037428923fa5b5ca8c30,
        type: 3}
      propertyPath: m_LocalPosition.z
      value: 2.7412853
      objectReference: {fileID: 0}
    - target: {fileID: 2688274645101475711, guid: 09d9bd7b6d67037428923fa5b5ca8c30,
        type: 3}
      propertyPath: m_LocalRotation.x
      value: -0.7071068
      objectReference: {fileID: 0}
    - target: {fileID: 2688274645101475711, guid: 09d9bd7b6d67037428923fa5b5ca8c30,
        type: 3}
      propertyPath: m_LocalRotation.y
      value: -0
      objectReference: {fileID: 0}
    - target: {fileID: 2688274645101475711, guid: 09d9bd7b6d67037428923fa5b5ca8c30,
        type: 3}
      propertyPath: m_LocalRotation.z
      value: -0
      objectReference: {fileID: 0}
    - target: {fileID: 2688274645101475711, guid: 09d9bd7b6d67037428923fa5b5ca8c30,
        type: 3}
      propertyPath: m_LocalRotation.w
      value: 0.7071068
      objectReference: {fileID: 0}
    - target: {fileID: 2688274645101475711, guid: 09d9bd7b6d67037428923fa5b5ca8c30,
        type: 3}
      propertyPath: m_RootOrder
      value: 15
      objectReference: {fileID: 0}
    - target: {fileID: 2688274645101475711, guid: 09d9bd7b6d67037428923fa5b5ca8c30,
        type: 3}
      propertyPath: m_LocalEulerAnglesHint.x
      value: -90
      objectReference: {fileID: 0}
    - target: {fileID: 2688274645101475711, guid: 09d9bd7b6d67037428923fa5b5ca8c30,
        type: 3}
      propertyPath: m_LocalEulerAnglesHint.y
      value: 0
      objectReference: {fileID: 0}
    - target: {fileID: 2688274645101475711, guid: 09d9bd7b6d67037428923fa5b5ca8c30,
        type: 3}
      propertyPath: m_LocalEulerAnglesHint.z
      value: 0
      objectReference: {fileID: 0}
    - target: {fileID: 2688274645101475711, guid: 09d9bd7b6d67037428923fa5b5ca8c30,
        type: 3}
      propertyPath: m_LocalScale.y
      value: 0.08682977
      objectReference: {fileID: 0}
    - target: {fileID: 2688274645101475711, guid: 09d9bd7b6d67037428923fa5b5ca8c30,
        type: 3}
      propertyPath: m_LocalScale.z
      value: 0.012250611
      objectReference: {fileID: 0}
    m_RemovedComponents: []
  m_SourcePrefab: {fileID: 100100000, guid: 09d9bd7b6d67037428923fa5b5ca8c30, type: 3}
--- !u!4 &5546175769584118632 stripped
Transform:
  m_CorrespondingSourceObject: {fileID: 2688274645101475711, guid: 09d9bd7b6d67037428923fa5b5ca8c30,
    type: 3}
  m_PrefabInstance: {fileID: 7618211443204611095}
  m_PrefabAsset: {fileID: 0}
--- !u!1001 &7618211443207218356
PrefabInstance:
  m_ObjectHideFlags: 0
  serializedVersion: 2
  m_Modification:
    m_TransformParent: {fileID: 4471424389302009955}
    m_Modifications:
    - target: {fileID: -8679921383154817045, guid: 28dd94b69939a1b4b83543d07599d440,
        type: 3}
      propertyPath: m_LocalPosition.x
      value: 0.9765005
      objectReference: {fileID: 0}
    - target: {fileID: -8679921383154817045, guid: 28dd94b69939a1b4b83543d07599d440,
        type: 3}
      propertyPath: m_LocalPosition.y
      value: 1.6960926
      objectReference: {fileID: 0}
    - target: {fileID: -8679921383154817045, guid: 28dd94b69939a1b4b83543d07599d440,
        type: 3}
      propertyPath: m_LocalPosition.z
      value: 1.2080853
      objectReference: {fileID: 0}
    - target: {fileID: -8679921383154817045, guid: 28dd94b69939a1b4b83543d07599d440,
        type: 3}
      propertyPath: m_LocalRotation.x
      value: -0
      objectReference: {fileID: 0}
    - target: {fileID: -8679921383154817045, guid: 28dd94b69939a1b4b83543d07599d440,
        type: 3}
      propertyPath: m_LocalRotation.y
      value: 0.27067935
      objectReference: {fileID: 0}
    - target: {fileID: -8679921383154817045, guid: 28dd94b69939a1b4b83543d07599d440,
        type: 3}
      propertyPath: m_LocalRotation.z
      value: -0
      objectReference: {fileID: 0}
    - target: {fileID: -8679921383154817045, guid: 28dd94b69939a1b4b83543d07599d440,
        type: 3}
      propertyPath: m_LocalRotation.w
      value: 0.9626696
      objectReference: {fileID: 0}
    - target: {fileID: -8679921383154817045, guid: 28dd94b69939a1b4b83543d07599d440,
        type: 3}
      propertyPath: m_RootOrder
      value: 3
      objectReference: {fileID: 0}
    - target: {fileID: -8679921383154817045, guid: 28dd94b69939a1b4b83543d07599d440,
        type: 3}
      propertyPath: m_LocalEulerAnglesHint.x
      value: 0
      objectReference: {fileID: 0}
    - target: {fileID: -8679921383154817045, guid: 28dd94b69939a1b4b83543d07599d440,
        type: 3}
      propertyPath: m_LocalEulerAnglesHint.y
      value: 31.409002
      objectReference: {fileID: 0}
    - target: {fileID: -8679921383154817045, guid: 28dd94b69939a1b4b83543d07599d440,
        type: 3}
      propertyPath: m_LocalEulerAnglesHint.z
      value: 0
      objectReference: {fileID: 0}
    - target: {fileID: -7511558181221131132, guid: 28dd94b69939a1b4b83543d07599d440,
        type: 3}
      propertyPath: m_Materials.Array.data[0]
      value: 
      objectReference: {fileID: 2100000, guid: 4c2f71d1e960b344999aee7fa4972ea4, type: 2}
    - target: {fileID: 919132149155446097, guid: 28dd94b69939a1b4b83543d07599d440,
        type: 3}
      propertyPath: m_Name
      value: Caisse
      objectReference: {fileID: 0}
    - target: {fileID: 919132149155446097, guid: 28dd94b69939a1b4b83543d07599d440,
        type: 3}
      propertyPath: m_StaticEditorFlags
      value: 4294967295
      objectReference: {fileID: 0}
    m_RemovedComponents: []
  m_SourcePrefab: {fileID: 100100000, guid: 28dd94b69939a1b4b83543d07599d440, type: 3}
--- !u!1 &7311659004535740901 stripped
GameObject:
  m_CorrespondingSourceObject: {fileID: 919132149155446097, guid: 28dd94b69939a1b4b83543d07599d440,
    type: 3}
  m_PrefabInstance: {fileID: 7618211443207218356}
  m_PrefabAsset: {fileID: 0}
--- !u!4 &7940949557441184607 stripped
Transform:
  m_CorrespondingSourceObject: {fileID: -8679921383154817045, guid: 28dd94b69939a1b4b83543d07599d440,
    type: 3}
  m_PrefabInstance: {fileID: 7618211443207218356}
  m_PrefabAsset: {fileID: 0}
--- !u!1001 &7618211443562516941
PrefabInstance:
  m_ObjectHideFlags: 0
  serializedVersion: 2
  m_Modification:
    m_TransformParent: {fileID: 4471424389302009955}
    m_Modifications:
    - target: {fileID: -8679921383154817045, guid: f07e67dfdf93f6945b13035a950c0090,
        type: 3}
      propertyPath: m_LocalPosition.x
      value: 2.544
      objectReference: {fileID: 0}
    - target: {fileID: -8679921383154817045, guid: f07e67dfdf93f6945b13035a950c0090,
        type: 3}
      propertyPath: m_LocalPosition.y
      value: 1.647
      objectReference: {fileID: 0}
    - target: {fileID: -8679921383154817045, guid: f07e67dfdf93f6945b13035a950c0090,
        type: 3}
      propertyPath: m_LocalPosition.z
      value: -0.725
      objectReference: {fileID: 0}
    - target: {fileID: -8679921383154817045, guid: f07e67dfdf93f6945b13035a950c0090,
        type: 3}
      propertyPath: m_LocalRotation.x
      value: -0.13753895
      objectReference: {fileID: 0}
    - target: {fileID: -8679921383154817045, guid: f07e67dfdf93f6945b13035a950c0090,
        type: 3}
      propertyPath: m_LocalRotation.y
      value: 0.4436059
      objectReference: {fileID: 0}
    - target: {fileID: -8679921383154817045, guid: f07e67dfdf93f6945b13035a950c0090,
        type: 3}
      propertyPath: m_LocalRotation.z
      value: 0.096011184
      objectReference: {fileID: 0}
    - target: {fileID: -8679921383154817045, guid: f07e67dfdf93f6945b13035a950c0090,
        type: 3}
      propertyPath: m_LocalRotation.w
      value: 0.8803855
      objectReference: {fileID: 0}
    - target: {fileID: -8679921383154817045, guid: f07e67dfdf93f6945b13035a950c0090,
        type: 3}
      propertyPath: m_RootOrder
      value: 2
      objectReference: {fileID: 0}
    - target: {fileID: -8679921383154817045, guid: f07e67dfdf93f6945b13035a950c0090,
        type: 3}
      propertyPath: m_LocalEulerAnglesHint.x
      value: -19.108002
      objectReference: {fileID: 0}
    - target: {fileID: -8679921383154817045, guid: f07e67dfdf93f6945b13035a950c0090,
        type: 3}
      propertyPath: m_LocalEulerAnglesHint.y
      value: 53.005
      objectReference: {fileID: 0}
    - target: {fileID: -8679921383154817045, guid: f07e67dfdf93f6945b13035a950c0090,
        type: 3}
      propertyPath: m_LocalEulerAnglesHint.z
      value: 2.8530002
      objectReference: {fileID: 0}
    - target: {fileID: -7511558181221131132, guid: f07e67dfdf93f6945b13035a950c0090,
        type: 3}
      propertyPath: m_Materials.Array.data[0]
      value: 
      objectReference: {fileID: 2100000, guid: 8fbadaff3064b874d84cc5f2906682f8, type: 2}
    - target: {fileID: 919132149155446097, guid: f07e67dfdf93f6945b13035a950c0090,
        type: 3}
      propertyPath: m_Name
      value: Balais_1
      objectReference: {fileID: 0}
    - target: {fileID: 919132149155446097, guid: f07e67dfdf93f6945b13035a950c0090,
        type: 3}
      propertyPath: m_StaticEditorFlags
      value: 4294967295
      objectReference: {fileID: 0}
    m_RemovedComponents: []
  m_SourcePrefab: {fileID: 100100000, guid: f07e67dfdf93f6945b13035a950c0090, type: 3}
--- !u!4 &7940949557127509542 stripped
Transform:
  m_CorrespondingSourceObject: {fileID: -8679921383154817045, guid: f07e67dfdf93f6945b13035a950c0090,
    type: 3}
  m_PrefabInstance: {fileID: 7618211443562516941}
  m_PrefabAsset: {fileID: 0}
--- !u!1001 &7618211443694937269
PrefabInstance:
  m_ObjectHideFlags: 0
  serializedVersion: 2
  m_Modification:
    m_TransformParent: {fileID: 4471424389302009955}
    m_Modifications:
    - target: {fileID: 2688274645101475704, guid: 09d9bd7b6d67037428923fa5b5ca8c30,
        type: 3}
      propertyPath: m_Name
      value: FIRE
      objectReference: {fileID: 0}
    - target: {fileID: 2688274645101475710, guid: 09d9bd7b6d67037428923fa5b5ca8c30,
        type: 3}
      propertyPath: LightsModule.light
      value: 
      objectReference: {fileID: 1525128522}
    - target: {fileID: 2688274645101475711, guid: 09d9bd7b6d67037428923fa5b5ca8c30,
        type: 3}
      propertyPath: m_LocalPosition.x
      value: 0.08710003
      objectReference: {fileID: 0}
    - target: {fileID: 2688274645101475711, guid: 09d9bd7b6d67037428923fa5b5ca8c30,
        type: 3}
      propertyPath: m_LocalPosition.y
      value: 2.7920926
      objectReference: {fileID: 0}
    - target: {fileID: 2688274645101475711, guid: 09d9bd7b6d67037428923fa5b5ca8c30,
        type: 3}
      propertyPath: m_LocalPosition.z
      value: 2.4808
      objectReference: {fileID: 0}
    - target: {fileID: 2688274645101475711, guid: 09d9bd7b6d67037428923fa5b5ca8c30,
        type: 3}
      propertyPath: m_LocalRotation.x
      value: -0.7071068
      objectReference: {fileID: 0}
    - target: {fileID: 2688274645101475711, guid: 09d9bd7b6d67037428923fa5b5ca8c30,
        type: 3}
      propertyPath: m_LocalRotation.y
      value: -0
      objectReference: {fileID: 0}
    - target: {fileID: 2688274645101475711, guid: 09d9bd7b6d67037428923fa5b5ca8c30,
        type: 3}
      propertyPath: m_LocalRotation.z
      value: -0
      objectReference: {fileID: 0}
    - target: {fileID: 2688274645101475711, guid: 09d9bd7b6d67037428923fa5b5ca8c30,
        type: 3}
      propertyPath: m_LocalRotation.w
      value: 0.7071068
      objectReference: {fileID: 0}
    - target: {fileID: 2688274645101475711, guid: 09d9bd7b6d67037428923fa5b5ca8c30,
        type: 3}
      propertyPath: m_RootOrder
      value: 13
      objectReference: {fileID: 0}
    - target: {fileID: 2688274645101475711, guid: 09d9bd7b6d67037428923fa5b5ca8c30,
        type: 3}
      propertyPath: m_LocalEulerAnglesHint.x
      value: -90
      objectReference: {fileID: 0}
    - target: {fileID: 2688274645101475711, guid: 09d9bd7b6d67037428923fa5b5ca8c30,
        type: 3}
      propertyPath: m_LocalEulerAnglesHint.y
      value: 0
      objectReference: {fileID: 0}
    - target: {fileID: 2688274645101475711, guid: 09d9bd7b6d67037428923fa5b5ca8c30,
        type: 3}
      propertyPath: m_LocalEulerAnglesHint.z
      value: 0
      objectReference: {fileID: 0}
    - target: {fileID: 2688274645101475711, guid: 09d9bd7b6d67037428923fa5b5ca8c30,
        type: 3}
      propertyPath: m_LocalScale.y
      value: 0.10506402
      objectReference: {fileID: 0}
    - target: {fileID: 2688274645101475711, guid: 09d9bd7b6d67037428923fa5b5ca8c30,
        type: 3}
      propertyPath: m_LocalScale.z
      value: 0.014823239
      objectReference: {fileID: 0}
    - target: {fileID: 2688274645101475711, guid: 09d9bd7b6d67037428923fa5b5ca8c30,
        type: 3}
      propertyPath: m_LocalScale.x
      value: 0.022265024
      objectReference: {fileID: 0}
    m_RemovedComponents: []
  m_SourcePrefab: {fileID: 100100000, guid: 09d9bd7b6d67037428923fa5b5ca8c30, type: 3}
--- !u!4 &5546175768556917706 stripped
Transform:
  m_CorrespondingSourceObject: {fileID: 2688274645101475711, guid: 09d9bd7b6d67037428923fa5b5ca8c30,
    type: 3}
  m_PrefabInstance: {fileID: 7618211443694937269}
  m_PrefabAsset: {fileID: 0}
--- !u!1001 &7618211443912668337
PrefabInstance:
  m_ObjectHideFlags: 0
  serializedVersion: 2
  m_Modification:
    m_TransformParent: {fileID: 4471424389302009955}
    m_Modifications:
    - target: {fileID: -9071617601705694992, guid: feb76ef3c58404f499e832fcdd3eec09,
        type: 3}
      propertyPath: m_StaticEditorFlags
      value: 4294967295
      objectReference: {fileID: 0}
    - target: {fileID: -8679921383154817045, guid: feb76ef3c58404f499e832fcdd3eec09,
        type: 3}
      propertyPath: m_LocalPosition.x
      value: 2.392
      objectReference: {fileID: 0}
    - target: {fileID: -8679921383154817045, guid: feb76ef3c58404f499e832fcdd3eec09,
        type: 3}
      propertyPath: m_LocalPosition.y
      value: 1.694
      objectReference: {fileID: 0}
    - target: {fileID: -8679921383154817045, guid: feb76ef3c58404f499e832fcdd3eec09,
        type: 3}
      propertyPath: m_LocalPosition.z
      value: -0.23
      objectReference: {fileID: 0}
    - target: {fileID: -8679921383154817045, guid: feb76ef3c58404f499e832fcdd3eec09,
        type: 3}
      propertyPath: m_LocalRotation.x
      value: -0
      objectReference: {fileID: 0}
    - target: {fileID: -8679921383154817045, guid: feb76ef3c58404f499e832fcdd3eec09,
        type: 3}
      propertyPath: m_LocalRotation.y
      value: -0
      objectReference: {fileID: 0}
    - target: {fileID: -8679921383154817045, guid: feb76ef3c58404f499e832fcdd3eec09,
        type: 3}
      propertyPath: m_LocalRotation.z
      value: -0
      objectReference: {fileID: 0}
    - target: {fileID: -8679921383154817045, guid: feb76ef3c58404f499e832fcdd3eec09,
        type: 3}
      propertyPath: m_LocalRotation.w
      value: 1
      objectReference: {fileID: 0}
    - target: {fileID: -8679921383154817045, guid: feb76ef3c58404f499e832fcdd3eec09,
        type: 3}
      propertyPath: m_RootOrder
      value: 1
      objectReference: {fileID: 0}
    - target: {fileID: -8679921383154817045, guid: feb76ef3c58404f499e832fcdd3eec09,
        type: 3}
      propertyPath: m_LocalEulerAnglesHint.x
      value: 0
      objectReference: {fileID: 0}
    - target: {fileID: -8679921383154817045, guid: feb76ef3c58404f499e832fcdd3eec09,
        type: 3}
      propertyPath: m_LocalEulerAnglesHint.y
      value: 0
      objectReference: {fileID: 0}
    - target: {fileID: -8679921383154817045, guid: feb76ef3c58404f499e832fcdd3eec09,
        type: 3}
      propertyPath: m_LocalEulerAnglesHint.z
      value: 0
      objectReference: {fileID: 0}
    - target: {fileID: -6634337349279807480, guid: feb76ef3c58404f499e832fcdd3eec09,
        type: 3}
      propertyPath: m_Materials.Array.data[0]
      value: 
      objectReference: {fileID: 2100000, guid: 2d4e90ce2eaf38043bbb5d6ed681f6f9, type: 2}
    - target: {fileID: -6440806897559176151, guid: feb76ef3c58404f499e832fcdd3eec09,
        type: 3}
      propertyPath: m_StaticEditorFlags
      value: 4294967295
      objectReference: {fileID: 0}
    - target: {fileID: -5494198939458494505, guid: feb76ef3c58404f499e832fcdd3eec09,
        type: 3}
      propertyPath: m_Materials.Array.data[0]
      value: 
      objectReference: {fileID: 2100000, guid: dc0b5019c73bb434f8af5e6b91c64e06, type: 2}
    - target: {fileID: -2694307684504875862, guid: feb76ef3c58404f499e832fcdd3eec09,
        type: 3}
      propertyPath: m_StaticEditorFlags
      value: 4294967295
      objectReference: {fileID: 0}
    - target: {fileID: -1755410418267618080, guid: feb76ef3c58404f499e832fcdd3eec09,
        type: 3}
      propertyPath: m_Materials.Array.data[0]
      value: 
      objectReference: {fileID: 2100000, guid: 4cb3c88ace2cce847b17872fed4e404e, type: 2}
    - target: {fileID: 919132149155446097, guid: feb76ef3c58404f499e832fcdd3eec09,
        type: 3}
      propertyPath: m_Name
      value: PileLivres1
      objectReference: {fileID: 0}
    - target: {fileID: 919132149155446097, guid: feb76ef3c58404f499e832fcdd3eec09,
        type: 3}
      propertyPath: m_StaticEditorFlags
      value: 4294967295
      objectReference: {fileID: 0}
    - target: {fileID: 1582028560340264136, guid: feb76ef3c58404f499e832fcdd3eec09,
        type: 3}
      propertyPath: m_StaticEditorFlags
      value: 4294967295
      objectReference: {fileID: 0}
    - target: {fileID: 2722499621679022360, guid: feb76ef3c58404f499e832fcdd3eec09,
        type: 3}
      propertyPath: m_Materials.Array.data[0]
      value: 
      objectReference: {fileID: 2100000, guid: f09794de9fc347e4694b871633ca6324, type: 2}
    - target: {fileID: 2880111667961898729, guid: feb76ef3c58404f499e832fcdd3eec09,
        type: 3}
      propertyPath: m_StaticEditorFlags
      value: 4294967295
      objectReference: {fileID: 0}
    - target: {fileID: 3996224228595836008, guid: feb76ef3c58404f499e832fcdd3eec09,
        type: 3}
      propertyPath: m_Materials.Array.data[0]
      value: 
      objectReference: {fileID: 2100000, guid: 02066be854fdcde4489b8b34d56daf4d, type: 2}
    - target: {fileID: 4184699528668682050, guid: feb76ef3c58404f499e832fcdd3eec09,
        type: 3}
      propertyPath: m_Materials.Array.data[0]
      value: 
      objectReference: {fileID: 2100000, guid: 2d4e90ce2eaf38043bbb5d6ed681f6f9, type: 2}
    - target: {fileID: 5364707301563937973, guid: feb76ef3c58404f499e832fcdd3eec09,
        type: 3}
      propertyPath: m_StaticEditorFlags
      value: 4294967295
      objectReference: {fileID: 0}
    - target: {fileID: 6453551922189981779, guid: feb76ef3c58404f499e832fcdd3eec09,
        type: 3}
      propertyPath: m_Materials.Array.data[0]
      value: 
      objectReference: {fileID: 2100000, guid: 51e04eae445ebe64599777fdbe77a458, type: 2}
    - target: {fileID: 8027338602793226369, guid: feb76ef3c58404f499e832fcdd3eec09,
        type: 3}
      propertyPath: m_Materials.Array.data[0]
      value: 
      objectReference: {fileID: 2100000, guid: 5c7d442e55a6ed444ab8f9fa67015cc4, type: 2}
    - target: {fileID: 8789815761869762415, guid: feb76ef3c58404f499e832fcdd3eec09,
        type: 3}
      propertyPath: m_StaticEditorFlags
      value: 4294967295
      objectReference: {fileID: 0}
    m_RemovedComponents: []
  m_SourcePrefab: {fileID: 100100000, guid: feb76ef3c58404f499e832fcdd3eec09, type: 3}
--- !u!1 &7311659004167965152 stripped
GameObject:
  m_CorrespondingSourceObject: {fileID: 919132149155446097, guid: feb76ef3c58404f499e832fcdd3eec09,
    type: 3}
  m_PrefabInstance: {fileID: 7618211443912668337}
  m_PrefabAsset: {fileID: 0}
--- !u!1 &368743190733606508 stripped
GameObject:
  m_CorrespondingSourceObject: {fileID: 7829326582345874141, guid: feb76ef3c58404f499e832fcdd3eec09,
    type: 3}
  m_PrefabInstance: {fileID: 7618211443912668337}
  m_PrefabAsset: {fileID: 0}
--- !u!4 &7940949556735742810 stripped
Transform:
  m_CorrespondingSourceObject: {fileID: -8679921383154817045, guid: feb76ef3c58404f499e832fcdd3eec09,
    type: 3}
  m_PrefabInstance: {fileID: 7618211443912668337}
  m_PrefabAsset: {fileID: 0}
--- !u!1001 &8376390696502670003
PrefabInstance:
  m_ObjectHideFlags: 0
  serializedVersion: 2
  m_Modification:
    m_TransformParent: {fileID: 4471424389302009955}
    m_Modifications:
    - target: {fileID: -8679921383154817045, guid: 831e48d389c07104db706065a9d877da,
        type: 3}
      propertyPath: m_LocalPosition.x
      value: 0.0898
      objectReference: {fileID: 0}
    - target: {fileID: -8679921383154817045, guid: 831e48d389c07104db706065a9d877da,
        type: 3}
      propertyPath: m_LocalPosition.y
      value: 2.6782074
      objectReference: {fileID: 0}
    - target: {fileID: -8679921383154817045, guid: 831e48d389c07104db706065a9d877da,
        type: 3}
      propertyPath: m_LocalPosition.z
      value: 2.4931998
      objectReference: {fileID: 0}
    - target: {fileID: -8679921383154817045, guid: 831e48d389c07104db706065a9d877da,
        type: 3}
      propertyPath: m_LocalRotation.x
      value: -0
      objectReference: {fileID: 0}
    - target: {fileID: -8679921383154817045, guid: 831e48d389c07104db706065a9d877da,
        type: 3}
      propertyPath: m_LocalRotation.y
      value: 0.39974064
      objectReference: {fileID: 0}
    - target: {fileID: -8679921383154817045, guid: 831e48d389c07104db706065a9d877da,
        type: 3}
      propertyPath: m_LocalRotation.z
      value: -0
      objectReference: {fileID: 0}
    - target: {fileID: -8679921383154817045, guid: 831e48d389c07104db706065a9d877da,
        type: 3}
      propertyPath: m_LocalRotation.w
      value: 0.9166283
      objectReference: {fileID: 0}
    - target: {fileID: -8679921383154817045, guid: 831e48d389c07104db706065a9d877da,
        type: 3}
      propertyPath: m_RootOrder
      value: 8
      objectReference: {fileID: 0}
    - target: {fileID: -8679921383154817045, guid: 831e48d389c07104db706065a9d877da,
        type: 3}
      propertyPath: m_LocalEulerAnglesHint.x
      value: 0
      objectReference: {fileID: 0}
    - target: {fileID: -8679921383154817045, guid: 831e48d389c07104db706065a9d877da,
        type: 3}
      propertyPath: m_LocalEulerAnglesHint.y
      value: 47.124
      objectReference: {fileID: 0}
    - target: {fileID: -8679921383154817045, guid: 831e48d389c07104db706065a9d877da,
        type: 3}
      propertyPath: m_LocalEulerAnglesHint.z
      value: 0
      objectReference: {fileID: 0}
    - target: {fileID: -8679921383154817045, guid: 831e48d389c07104db706065a9d877da,
        type: 3}
      propertyPath: m_LocalScale.x
      value: 0.38581
      objectReference: {fileID: 0}
    - target: {fileID: -8679921383154817045, guid: 831e48d389c07104db706065a9d877da,
        type: 3}
      propertyPath: m_LocalScale.y
      value: 0.38581
      objectReference: {fileID: 0}
    - target: {fileID: -8679921383154817045, guid: 831e48d389c07104db706065a9d877da,
        type: 3}
      propertyPath: m_LocalScale.z
      value: 0.38581
      objectReference: {fileID: 0}
    - target: {fileID: -7511558181221131132, guid: 831e48d389c07104db706065a9d877da,
        type: 3}
      propertyPath: m_Materials.Array.data[0]
      value: 
      objectReference: {fileID: 2100000, guid: b0f4f490c62e48f49857a9ac33abba3d, type: 2}
    - target: {fileID: 919132149155446097, guid: 831e48d389c07104db706065a9d877da,
        type: 3}
      propertyPath: m_Name
      value: Bougie_03
      objectReference: {fileID: 0}
    - target: {fileID: 919132149155446097, guid: 831e48d389c07104db706065a9d877da,
        type: 3}
      propertyPath: m_StaticEditorFlags
      value: 4294967295
      objectReference: {fileID: 0}
    m_RemovedComponents: []
  m_SourcePrefab: {fileID: 100100000, guid: 831e48d389c07104db706065a9d877da, type: 3}
--- !u!4 &8337380654326011224 stripped
Transform:
  m_CorrespondingSourceObject: {fileID: -8679921383154817045, guid: 831e48d389c07104db706065a9d877da,
    type: 3}
  m_PrefabInstance: {fileID: 8376390696502670003}
  m_PrefabAsset: {fileID: 0}
